 Dungeon Crawl Stone Soup version 0.22.1-1-ga44c0e5 (webtiles) character file.

16051 suicidejoker the Fighter (level 12, -2/130 HPs)
             Began as an Ogre Fighter on Oct 12, 2018.
             Was an Initiate of Gozag.
             Slain by a komodo dragon (16 damage)
             ... on level 12 of the Dungeon.
             The game lasted 00:44:29 (13578 turns).

suicidejoker the Fighter (Ogre Fighter)            Turns: 13578, Time: 00:44:31

Health: -2/130     AC: -13   Str: 31    XL:     12   Next: 33%
Magic:  0/34       EV: 11    Int:  9    God:    Gozag
Gold:   469        SH: 12    Dex:  9    Spells: 16/16 levels left

rFire    x . .     SeeInvis .   D - +6 eveningstar
rCold    + + .     Gourm    .   c - +1 shield
rNeg     . . .     Faith    .   r - +0 ice dragon scales
rPois    .         Spirit   +   (helmet restricted)
rElec    .         Reflect  .   (no cloak)
rCorr    .         Harm     .   (gloves unavailable)
MR       +....                  (boots unavailable)
Stlth    ..........             z - amulet of guardian spirit
HPRegen  0.31/turn              w - ring of magical power
MPRegen  0.24/turn              m - ring of magical power

@: mighty, lethally poisoned (-2 -> -6), weakened, corroded, gold aura, starving
A: large, unfitting armour, mutation resistance 1, screaming 1, tough skin 1
a: Potion Petition, Call Merchant, Bribe Branch, Renounce Religion


You were on level 12 of the Dungeon.
You worshipped Gozag.
Gozag was aware of your devotion.
You were starving.

You visited 2 branches of the dungeon, and saw 13 of its levels.
You also visited: Ossuary.

You collected 2566 gold pieces.
You paid 2097 gold pieces to Gozag.

Inventory:

Hand Weapons
 A - a +3 bardiche
 D - a +6 eveningstar (weapon)
Missiles
 e - 6 steel tomahawks
 i - 6 large rocks (quivered)
 l - 259 stones
 B - 2 silver tomahawks
Armour
 c - a +1 shield (worn)
 r - +0 ice dragon scales (worn)
Jewellery
 m - a ring of magical power (right hand)
 t - an uncursed amulet of magic regeneration
 v - an uncursed ring of fire
 w - a ring of magical power (left hand)
 z - an amulet of guardian spirit (around neck)
Wands
 a - a wand of flame (14)
 j - a wand of enslavement (21)
 n - a wand of polymorph (10)
 x - a wand of disintegration (25)
 K - a wand of digging (10)
Scrolls
 b - 9 scrolls of magic mapping
 g - 5 scrolls of remove curse
 h - 6 scrolls of teleportation
 o - 9 scrolls of identify
 u - 2 scrolls of immolation
 E - 2 scrolls of amnesia
Potions
 d - a potion of might
 k - a potion of berserk rage
 p - a potion of curing
 q - 4 potions of flight
 s - 3 potions of agility
 C - 2 potions of resistance
 F - a potion of lignification {unknown}
Comestibles
 f - 7 rations


   Skills:
 + Level 11.2 Fighting
 * Level 10.0 Maces & Flails
 * Level 5.2 Polearms
 + Level 2.1 Armour
 * Level 8.5 Dodging
 * Level 8.5 Shields
 + Level 2.7 Spellcasting
 * Level 3.2 Evocations


You had 16 spell levels left.
You didn't know any spells.
Your spell library contained the following spells:

 Spells                   Type           Power        Failure   Level  Hunger
 Corona                   Hex            #......      63%         1    ##.....
 Sting                    Conj/Pois      #...         63%         1    ##.....
 Summon Butterflies       Summ           #.......     63%         1    ##.....
 Ensorcelled Hibernation  Hex/Ice        #.....       77%         2    ###....
 Poisonous Vapours        Pois/Air       #.....       77%         2    ###....
 Call Canine Familiar     Summ           #.......     94%         3    ####...
 Confuse                  Hex            #.......     94%         3    ####...
 Dazzling Spray           Conj/Hex       #.....       94%         3    ####...
 Mephitic Cloud           Conj/Pois/Air  #.......     94%         3    ####...
 Tukima's Dance           Hex            #.......     94%         3    ####...
 Olgreb's Toxic Radiance  Pois           #.......     100%        4    #####..
 Summon Ice Beast         Ice/Summ       #.......     100%        4    #####..
 Summon Mana Viper        Hex/Summ       #.......     100%        5    ######.
 Venom Bolt               Conj/Pois      #.........   100%        5    ######.
 Summon Hydra             Summ           #.........   100%        7    #######


Dungeon Overview and Level Annotations

Branches:
Dungeon (12/15)            Temple (0/1) D:7            Lair (1/6) D:10
    Orc (0/2) D:9

Altars:
Ashenzari
Fedhas
Gozag
Okawaru
Ru
Sif Muna
The Shining One

Shops:
D:4 :   D:9 [   D:10 !

Annotations:
D:6 3 runed doors, mh0rre's ghost, amateur FoAK
D:9 1 runed door
D:11 2 transporters, antares's ghost, journeyman DEFE


Innate Abilities, Weirdness & Mutations

You are too large for most types of armour.
You have tough skin. (AC +1)
You are somewhat resistant to further mutation.
You occasionally shout uncontrollably at your foes.


Message History

The arrow barely misses you.
The arrow hits the kobold demonologist!!
The kobold demonologist dies!
The rust devil disappears in a puff of smoke!
The orange demon disappears in a puff of smoke!
The crimson imp disappears in a puff of smoke!
The shadow imp disappears in a puff of smoke!
You hit the komodo dragon.
The komodo dragon is heavily wounded.
You feel sick.
The centaur warrior shoots an arrow.
The arrow hits you!!
* * * LOW HITPOINT WARNING * * *
The komodo dragon closely misses you.
You hit the centaur warrior but do no damage.
You feel sick.
The centaur warrior unwields an uncursed shortbow.
The centaur warrior hits you!
* * * LOW HITPOINT WARNING * * *
The komodo dragon bites you!!
You die...
Your body crumbles into a pile of gold.

#.... ###.... ##.
#....## #.. .... #....#
#... ###.... ##...##
#... .....####....#
#..####.....#.......#
#..#...$(####.....#.#
#..#.c@l.#.....##...#
#..§..####.....####.#
#...§.#......######.###
#..####................
#..#.........##########
#..#......####
#.........# #.....#####
#######


You could see a centaur warrior and a komodo dragon.

Vanquished Creatures
  2 hydras
  2 two-headed ogres (D:11)
  Urug (D:10)
  Pikel (D:8)
  2 ugly things (D:11)
  A manticore (D:12)
  An orc knight (D:11)
  2 cyclopes
  Psyche (D:10)
  A gargoyle (D:12)
  A komodo dragon (D:11)
  2 trolls
  Grinder (D:5)
  A hippogriff (D:10)
  A centaur simulacrum (D:12)
  A spriggan (D:8)
  A yak (D:10)
  3 hungry ghosts
  A basilisk (D:10)
  Grum (D:9)
  A steam dragon (D:7)
  A warg (D:11)
  Menkaure (D:7)
  Duvessa (D:5)
  8 orc warriors
  A hornet zombie (D:10)
  3 black bears
  3 ice beasts
  5 phantoms
  3 ogres
  7 centaurs
  2 wolves (D:9)
  A crocodile (D:10)
  3 bullfrogs
  A gnoll sergeant (D:8)
  A wyvern zombie (Ossuary)
  A wyvern skeleton (D:8)
  3 scorpions
  Dowan (D:5)
  12 killer bees
  3 howler monkeys
  3 wights (D:10)
  5 crimson imps
  8 bullfrog zombies
  A quasit (D:7)
  3 centaur zombies
  2 jellies
  6 hounds
  4 orc priests
  A centaur skeleton (D:11)
  9 orc wizards
  A bullfrog skeleton (D:7)
  13 mummies (Ossuary)
  4 iguanas
  8 worker ants
  A killer bee zombie (Ossuary)
  5 hound zombies
  3 hound skeletons
  6 worker ant zombies
  8 gnolls
  11 adders
  A shadow imp (D:6)
  2 oozes
  2 adder zombies (Ossuary)
  An adder skeleton (D:4)
  3 worms
  A dart slug (D:2)
  4 leopard geckos
  44 orcs
  6 bats
  5 giant cockroaches
  8 hobgoblins
  5 jackals
  6 kobolds
  4 quokkas
  A ball python skeleton (D:4)
  7 frilled lizards
  2 giant cockroach zombies (Ossuary)
  4 goblins
  A jackal skeleton (D:6)
  A quokka skeleton (D:10)
  A quokka zombie (D:5)
  8 rats
308 creatures vanquished.

Vanquished Creatures (collateral kills)
  An ogre (D:11)
1 creature vanquished.

Vanquished Creatures (others)
  A kobold demonologist (D:12)
  A leopard gecko (D:8)
  3 plants (D:6)
5 creatures vanquished.

Grand Total: 314 creatures vanquished

Notes
Turn   | Place    | Note
-------+----------+-------------------------------------------
     0 | D:1      | suicidejoker the Ogre Fighter began the quest for the Orb.
     0 | D:1      | Reached XP level 1. HP: 24/24 MP: 1/1
   155 | D:1      | Reached XP level 2. HP: 32/32 MP: 2/2
   880 | D:2      | Reached XP level 3. HP: 40/40 MP: 3/3
  1204 | D:2      | Found a sacrificial altar of Ru.
  1853 | D:3      | Reached XP level 4. HP: 49/49 MP: 4/4
  2208 | D:4      | Noticed an ogre
  2215 | D:4      | HP: 1/49 [ogre/giant club (17)]
  2229 | D:4      | Killed an ogre
  2229 | D:4      | Reached skill level 5 in Fighting
  2229 | D:4      | Reached XP level 5. HP: 4/57 MP: 5/5
  2531 | D:4      | Reached XP level 6. HP: 46/66 MP: 6/6
  2595 | D:4      | Found Caprigh's Book Shop.
  2754 | D:4      | Found an opulent altar of Gozag.
  2818 | D:4      | Became a worshipper of Gozag Ym Sagoz the Greedy
  3110 | D:5      | Entered Level 5 of the Dungeon
  3110 | D:5      | Noticed a phantom
  3114 | D:5      | Killed a phantom
  3116 | D:5      | Noticed Dowan
  3122 | D:5      | Noticed Duvessa
  3126 | D:5      | Killed Dowan
  3126 | D:5      | Reached XP level 7. HP: 74/74 MP: 7/7
  3131 | D:5      | Killed Duvessa
  3131 | D:5      | Reached skill level 6 in Fighting
  3157 | D:5      | Reached skill level 5 in Maces & Flails
  3241 | D:5      | Noticed Grinder
  3252 | D:5      | Paralysed by Grinder for 5 turns
  3257 | D:5      | Killed Grinder
  3257 | D:5      | Reached XP level 8. HP: 15/84 MP: 8/8
  3621 | D:5      | Found a sand-covered staircase.
  3626 | Ossuary  | Entered an ossuary
  3664 | Ossuary  | Reached skill level 7 in Fighting
  3768 | Ossuary  | Reached skill level 5 in Dodging
  3768 | Ossuary  | Reached skill level 5 in Shields
  4187 | Ossuary  | Reached XP level 9. HP: 93/93 MP: 9/9
  4807 | D:6      | Reached skill level 8 in Fighting
  4810 | D:6      | Found a runed gate.
  4870 | D:6      | Noticed a troll
  4888 | D:6      | HP: 3/96 [troll (6)]
  4901 | D:6      | Killed a troll
  5679 | D:6      | Noticed mh0rre's ghost (amateur FoAK)
  5680 | D:6      | Found a runed gate.
  5680 | D:6      | Found a runed gate.
  5685 | D:6      | Noticed a kobold demonologist
  5721 | D:6      | Found a shattered altar of Ashenzari.
  5727 | D:6      | Found an iron altar of Okawaru.
  5851 | D:7      | Found a staircase to the Ecumenical Temple.
  6286 | D:7      | Reached skill level 9 in Fighting
  6371 | D:7      | Reached XP level 10. HP: 95/107 MP: 10/10
  6485 | D:7      | Noticed Menkaure
  6491 | D:7      | Killed Menkaure
  6551 | D:7      | Gained mutation: You occasionally shout uncontrollably at
                  | your foes. [potion of mutation]
  6551 | D:7      | Gained mutation: You are somewhat resistant to further
                  | mutation. [potion of mutation]
  6832 | D:8      | Noticed Pikel
  6867 | D:8      | Killed Pikel
  8199 | D:8      | Reached skill level 1 in Polearms
  8990 | D:9      | Found a staircase to the Orcish Mines.
  8997 | D:9      | Reached skill level 10 in Fighting
  9336 | D:9      | Found Dyraminyr's Armour Shop.
  9476 | D:9      | Noticed Grum
  9498 | D:9      | Killed Grum
  9915 | D:9      | Found a runed door.
  9916 | D:9      | Found a glowing golden altar of the Shining One.
  9916 | D:9      | Noticed an angel
 10178 | D:10     | Entered Level 10 of the Dungeon
 10178 | D:10     | Found a deep blue altar of Sif Muna.
 10195 | D:10     | Found Ecappauwa's Distillery.
 10251 | D:10     | Found a staircase to the Lair.
 10277 | D:10     | Reached XP level 11. HP: 88/119 MP: 9/11
 10510 | D:10     | Noticed Psyche
 10526 | D:10     | Killed Psyche
 10699 | D:10     | Noticed Urug
 10706 | D:10     | Killed Urug
 10906 | D:10     | Found a blossoming altar of Fedhas.
 11422 | Lair:1   | Entered Level 1 of the Lair of Beasts
 11494 | D:11     | Noticed a deep elf mage
 11494 | D:11     | Noticed a hell knight
 11499 | D:11     | Noticed antares's ghost (journeyman DEFE)
 11521 | D:11     | Noticed an orc knight
 11556 | D:11     | HP: 1/119 [wyvern (6)]
 11564 | D:11     | HP: 1/119 [orc knight/enchanted bardiche (25)]
 11895 | D:11     | Noticed a two-headed ogre
 11909 | D:11     | Noticed a seven-headed hydra
 11919 | D:11     | Killed a seven-headed hydra
 11919 | D:11     | Reached skill level 1 in Spellcasting
 11919 | D:11     | Reached skill level 1 in Evocations
 11924 | D:11     | Killed a two-headed ogre
 11924 | D:11     | Reached skill level 1 in Armour
 12309 | D:11     | Noticed a two-headed ogre
 12318 | D:11     | Killed a two-headed ogre
 12319 | D:11     | Noticed a brown ugly thing
 12320 | D:11     | Noticed a cyclops
 12335 | D:11     | Killed a brown ugly thing
 12335 | D:11     | Reached skill level 11 in Fighting
 12342 | D:11     | Killed a cyclops
 12663 | D:11     | Killed an orc knight
 12722 | D:11     | Found a transporter.
 12730 | D:11     | Found a transporter.
 12807 | D:11     | Reached XP level 12. HP: 109/130 MP: 15/15
 13301 | D:12     | Reached skill level 10 in Maces & Flails
 13301 | D:12     | Reached skill level 5 in Polearms
 13561 | D:12     | Noticed a five-headed hydra
 13573 | D:12     | Killed a five-headed hydra
 13574 | D:12     | Noticed a centaur warrior
 13578 | D:12     | Slain by a komodo dragon

Skill      XL: |  1  2  3  4  5  6  7  8  9 10 11 12 |
---------------+-------------------------------------+-----
Maces & Flails | 2 3 4 5 6 8 9 10 | 10.0
Dodging        | 3 4 5 6 7 8 |  8.5
Shields        | 3 4 5 6 7 8 |  8.5
Fighting       | 5 6 7 9 10 11 | 11.2
Polearms       | 3 4 5 |  5.2
Spellcasting   | 2 |  2.7
Evocations     | 2 3 |  3.2
Armour         | 1 2 |  2.1

Action                   |  1- 3 |  4- 6 |  7- 9 | 10-12 || total
-------------------------+-------+-------+-------+-------++-------
Melee: Flail             |   128 |   106 |   434 |   206 ||   874
       Spear             |       |       |       |   265 ||   265
       Eveningstar       |       |       |       |   175 ||   175
Throw: Stone             |       |       |       |     6 ||     6
       Large rock        |       |       |       |    14 ||    14
       Tomahawk          |       |       |       |     1 ||     1
Invok: Potion Petition   |       |       |     2 |     5 ||     7
Evoke: Wand              |       |     8 |    10 |    27 ||    45
  Use: Potion            |       |       |     6 |    15 ||    21
       Scroll            |       |       |     8 |    20 ||    28
 Stab: Distracted        |       |       |       |     3 ||     3
  Eat: Chunk             |     3 |     4 |       |       ||     7
       Ration            |       |       |     6 |     9 ||    15
Armor: Robe              |    23 |       |       |       ||    23
       Ice dragon scales |    33 |    51 |   177 |   221 ||   482
Dodge: Dodged            |    42 |    21 |   133 |   215 ||   411
Block: Shield            |    64 |    56 |   200 |   386 ||   706
